 Dungeon Crawl Stone Soup version 0.30.1-11-g7821555f0a (webtiles) character file.

Game seed: 1411087666076739211

7 MrIGI the Grasshopper (level 2, -4/19 HPs)
             Began as an Octopode Warper on Dec 11, 2023.
             Slain by a goblin
             ... wielding a +0 flail
              (6 damage)
             ... on level 1 of the Dungeon.
             The game lasted 00:01:00 (226 turns).

MrIGI the Grasshopper (Octopode Warper)              Turns: 226, Time: 00:01:00

Health: -4/19      AC:  1    Str: 10    XL:     2   Next: 4%
Magic:  5/5        EV: 13    Int: 15    God:
Gold:   2          SH:  0    Dex: 11    Spells: 5/5 levels left

rFire   . . .        a - +0 short sword
rCold   . . .        (no shield)
rNeg    . . .        (helmet restricted)
rPois   .            (no amulet)
rElec   .            (no ring)
rCorr   .            (no ring)
SInv    .            (no ring)
Will    .....        (no ring)
Stlth   +++          (no ring)
HPRegen 0.23/turn    (no ring)
MPRegen 0.09/turn    (no ring)
                     (no ring)

%: no passive effects
@: no status effects
A: almost no armour, amphibious, 8 rings, camouflage 1, gelatinous body 1,
(nimble swimmer 1), tentacles
a: no special abilities


You were on level 1 of the Dungeon.
You visited 1 branch of the dungeon, and saw 1 of its levels.

You collected 2 gold pieces.

Inventory:

Hand Weapons
 a - a +0 short sword (weapon)
Missiles
 c - 7 boomerangs of dispersal (quivered)
Scrolls
 b - a scroll of blinking


   Skills:
 - Level 2.0 Fighting
 - Level 2.0 Short Blades
 - Level 1.0 Throwing
 - Level 2.3 Dodging
 * Level 1.3 Stealth
 - Level 2.0 Spellcasting
 + Level 3.3 Translocations


You had 5 spell levels left.
You didn't know any spells.
Your spell library contained the following spells:

 Spells                   Type           Power      Damage    Failure   Level
 Blink                    Tloc           22%        N/A       9%          2
 Lesser Beckoning         Tloc           22%        N/A       9%          2
 Teleport Other           Tloc           11%        N/A       17%         3
 Vhi's Electric Charge    Tloc/Air       12%        N/A       32%         3
 Manifold Assault         Tloc           11%        N/A       50%         4


Dungeon Overview and Level Annotations

Branches:
Dungeon (1/15)

Altars:


Innate Abilities, Weirdness & Mutations

You cannot wear most types of armour.
You are amphibious.
You can wear up to eight rings at the same time.
Your skin changes colour to match your surroundings (Stealth+).
Your rubbery body absorbs attacks. (AC +1, EV +1)
((You are camouflaged when in or above water. (Stealth+)))
You have tentacles for arms and can constrict up to eight enemies at once.


Message History

Found a bubbling black potion.
A bat comes into view.
A giant cockroach comes into view.
The bat moves out of view.
A kobold comes into view.
It is wielding a +0 vampiric short sword.
You barely miss the goblin. Your grab misses the goblin.
You squeeze the goblin.
The goblin is severely wounded.
The goblin misses you.
You closely miss the goblin. Your grab misses the goblin.
Your tentacle-slap misses the goblin.
You squeeze the goblin.
You kill the goblin!
A goblin comes into view. It is wielding a +0 flail.
The giant cockroach barely misses you.
Things that are here:
a +0 club; a goblin corpse The goblin shouts!
You hit the giant cockroach but do no damage.
You grab the giant cockroach. You constrict the giant cockroach.
The giant cockroach closely misses you.
You completely miss the giant cockroach.
The giant cockroach is moderately wounded.
You constrict the giant cockroach.
The kobold hits you with a +0 vampiric short sword.
A hobgoblin comes into view. It is wielding a +0 dagger.
The giant cockroach bites you.
You hit the giant cockroach.
You kill the giant cockroach!
The kobold hits you with a +0 vampiric short sword.
You have reached level 2!
The goblin attacks as you move away! The goblin closely misses you.
An endoplasm comes into view.
The goblin attacks as you move away! The goblin barely misses you.
The endoplasm quivers.
The goblin attacks as you move away! The goblin closely misses you.
The goblin attacks as you move away! The goblin completely misses you.
The goblin attacks as you move away! The goblin hits you with a +0 flail.
The goblin attacks as you move away! The goblin hits you with a +0 flail.
* * * LOW HITPOINT WARNING * * *
The goblin attacks as you move away! The goblin hits you with a +0 flail.
You die...

#g# #.# #K# #### ######
#.# #..######## ......
#J#####.###§≈>§§# #####
#.g.K.K..##≈≈≈§§# #....
#######.###≈≈≈≈§###
#(###
########g#...§≈≈...#
#.#
.........@.8.....8.#
#.#
##...........<....###.#
#.#####.....8........#
# ##.......[.#####
#........## #.#..8..##
#.##...## ######
#.###.## #..... #.##..#
#.####


You could see a goblin and a kobold.

Vanquished Creatures
  An endoplasm (D:1)
  A giant cockroach (D:1)
  A goblin (D:1)
  A bat (D:1)
  A frilled lizard (D:1)
  2 kobolds (D:1)
  A rat (D:1)
8 creatures vanquished.

Notes
Turn   | Place    | Note
-------+----------+-------------------------------------------
     0 | D:1      | MrIGI the Octopode Warper began the quest for the Orb.
     0 | D:1      | Reached XP level 1. HP: 14/14 MP: 3/3
   139 | D:1      | Reached skill level 1 in Stealth
   208 | D:1      | Reached XP level 2. HP: 8/19 MP: 5/5
   226 | D:1      | Slain by a goblin

Illustrated notes

Levels and vault maps discovered:
D:1:      grunt_arrival_lava_bath, layout_loops_ring, minmay_pentomino_o4

Skill      XL: |  1 |
---------------+----+-----
Stealth        | 1 |  1.3
Fighting       | |  2.0
Short Blades   | |  2.0
Throwing       | |  1.0
Dodging        | |  2.3
Spellcasting   | |  2.0
Translocations | |  3.3

Action                     || total
---------------------------++-------
  Melee: Short sword       ||    18
         Constrict         ||     3
         Tentacles         ||     3
   Stab: Sleeping          ||     1
 Armour: Skin              ||     1
  Dodge: Dodged            ||    11
